 Dungeon Crawl Stone Soup version 0.25-b1-37-g2669288c55 (webtiles) character file.

Game seed: 17243504015477308154

53 raph the Grave Robber (level 3, -2/28 HPs)
             Began as a Deep Dwarf Necromancer on June 6, 2020.
             Slain by a gnoll
             ... wielding a +0 whip
              (5 damage)
             ... on level 3 of the Dungeon.
             The game lasted 00:04:37 (1941 turns).

raph the Grave Robber (Deep Dwarf Necromancer)      Turns: 1941, Time: 00:04:38

Health: -2/28      AC:  2    Str: 11    XL:     3   Next: 62%
Magic:  2/6        EV: 12    Int: 16    God:
Gold:   127        SH:  0    Dex: 13    Spells: 1/6 levels left

rFire    . . .     SeeInvis .   h - +0 whip
rCold    . . .     Gourm    .   (no shield)
rNeg     . . .     Faith    +   a - +0 robe
rPois    .         Spirit   .   (no helmet)
rElec    .         Reflect  .   (no cloak)
rCorr    .         Harm     .   (no gloves)
MR       .....                  (no boots)
Stlth    ++........             g - amulet of faith
HPRegen  0.00/turn              (no ring)
MPRegen  0.10/turn              (no ring)

@: non-regenerating
A: damage resistance, heal wounds, sense surroundings 1, no regeneration
a: Heal Wounds


You were on level 3 of the Dungeon.
You were not hungry.

You visited 1 branch of the dungeon, and saw 3 of its levels.

You collected 127 gold pieces.

Inventory:

Hand Weapons
 h - a +0 whip (weapon)
Armour
 a - a +0 robe (worn)
Jewellery
 g - an amulet of faith (around neck)
Scrolls
 b - 2 scrolls of teleportation {unknown}
 d - a scroll of noise {unknown}
 f - 3 scrolls of identify {unknown}
 i - a scroll of random uselessness {unknown}
 j - 2 scrolls of amnesia {unknown}
Potions
 e - 2 potions of resistance {unknown}
 k - a potion of haste {unknown}
 l - 2 potions of curing {unknown}
 m - a potion of lignification {unknown}
 n - a potion of degeneration {unknown}
Comestibles
 c - 3 rations


   Skills:
 - Level 2.1 Dodging
 - Level 2.4 Stealth
 + Level 2.4 Spellcasting
 * Level 5.4 Necromancy


You had one spell level left.
You knew the following spells:

 Your Spells              Type           Power        Failure   Level  Hunger
a - Pain                  Necr           ###.         1%          1    #......
b - Animate Skeleton      Necr           N/A          1%          1    #......
c - Vampiric Draining     Necr           ###.......   6%          3    ###....

Your spell library contained the following spells:

 Spells                   Type           Power        Failure   Level  Hunger
 Animate Dead             Necr           N/A          21%         4    #####..
 Agony                    Necr           ###.....     50%         5    ######.


Dungeon Overview and Level Annotations

Branches:
Dungeon (3/15)

Altars:
Hepliaklqana
Uskayaw
Yredelemnul

Annotations:
D:2 Sigmund


Innate Abilities, Weirdness & Mutations

You are resistant to damage.
You can heal yourself by infusing magical energy.
You passively map a small area around you.
You do not regenerate.


Message History

Press: ? - help, Shift-Dir - straight line, f/p - gnoll
Aim: a gnoll, wielding a +0 whip (lightly wounded, chance to defeat MR: 84%)
The gnoll barely resists.
A kobold comes into view. It is wielding a +0 club.
Casting: Pain (safe; 1% risk of failure)
Confirm with . or Enter, or press ? or * to list all spells.
Aiming: Pain (safe; 1% risk of failure)
Press: ? - help, Shift-Dir - straight line, f/p - gnoll
Aim: a gnoll, wielding a +0 whip (lightly wounded, chance to defeat MR: 84%)
The gnoll writhes in agony.
The kobold shouts!
You hit the gnoll but do no damage.
The gnoll is moderately wounded.
The gnoll hits you with a +0 whip.
The kobold throws a stone.
The stone hits you.
* * * LOW HITPOINT WARNING * * *
The kobold misses you.
A goblin comes into view.
The gnoll hits you with a +0 whip.
You die...

, * #...g..........
..#####.###'###.####.
#.......# #.# #.# ##Z
######..###.# #g###..
* ##.',._. +......
#)#*###*#g###.. ####)#
### #.###.# ,
#.gg.#######(##.##
#@#..g..g.........
##.##..........#.#.
##...#..............
**
#.......%.......#.#.
.......#..........)...
#.###.##.........<..##
* #. #.##.........####
# #.##.........# , *
######.####


You could see a gnoll and a goblin.

Vanquished Creatures
  2 gnolls (D:3)
  An adder (D:1)
  A worm (D:2)
  2 bats
  A giant cockroach (D:1)
  5 goblins
  2 hobgoblins (D:2)
  3 frilled lizards
  2 kobolds
  7 rats
26 creatures vanquished.

Vanquished Creatures (others)
  A giant cockroach (D:2)
1 creature vanquished.

Grand Total: 27 creatures vanquished

Notes
Turn   | Place    | Note
-------+----------+-------------------------------------------
     0 | D:1      | raph the Deep Dwarf Necromancer began the quest for the
                  | Orb.
     0 | D:1      | Reached XP level 1. HP: 15/15 MP: 3/3
     3 | D:1      | Learned a level 1 spell: Animate Skeleton
   356 | D:1      | Reached XP level 2. HP: 22/22 MP: 0/5
   807 | D:2      | Noticed Sigmund
   824 | D:1      | Reached skill level 5 in Necromancy
  1088 | D:2      | Found a hazy altar of Hepliaklqana.
  1350 | D:2      | Reached XP level 3. HP: 16/28 MP: 4/6
  1441 | D:2      | Found a hide-covered altar of Uskayaw.
  1441 | D:2      | Noticed a +0 hand axe
  1441 | D:2      | Noticed a +0 hand axe
  1461 | D:2      | Learned a level 3 spell: Vampiric Draining
  1839 | D:3      | Found a basalt altar of Yredelemnul.
  1941 | D:3      | Slain by a gnoll

Illustrated notes

Levels and vault maps discovered:
D:1:      matt_arrival_diagonals, layout_loops_ring
D:2:      layout_basic, lemuel_crystal_altar, dancing_weapons_uskayaw,
          lemuel_old_faithful, uniq_sigmund
D:3:      layout_loops_ring, lemuel_doored_altar,
          nicolae_overflow_crystal_walls, marbit_many_paths,
          minmay_misc_feat_pillars

Skill      XL: |  1  2 |
---------------+-------+-----
Spellcasting   | 2 |  2.4
Necromancy     | 5 |  5.4
Dodging        | |  2.1
Stealth        | |  2.4

Action                   || total
-------------------------++-------
Melee: Unarmed           ||     1
       Whip              ||     8
 Cast: Pain              ||    53
       Animate Skeleton  ||     6
       Vampiric Draining ||     2
  Eat: Chunk             ||     4
Armor: Robe              ||     6
Dodge: Dodged            ||    20
